 Dungeon Crawl Stone Soup version 0.25.1-8-g42b30a86e7 (webtiles) character file.

Game seed: 12256572732580087630

80 Gabide the Skirmisher (level 4, 0/37 HPs)
             Began as a Human Abyssal Knight on Dec 1, 2020.
             Was a Follower of Lugonu.
             Succumbed to an orc wizard's poison
             ... on level 3 of the Dungeon.
             The game lasted 00:02:53 (1632 turns).

Gabide the Skirmisher (Human Abyssal Knight)        Turns: 1632, Time: 00:02:54

Health: 0/37       AC:  6    Str: 13    XL:     4   Next: 65%
Magic:  5/5        EV: 10    Int: 13    God:    Lugonu [*.....]
Gold:   23         SH:  0    Dex: 12    Spells: 3/3 levels left

rFire    . . .     SeeInvis .   a - +2 mace
rCold    . . .     Gourm    .   (no shield)
rNeg     . . .     Faith    .   j - +0 ring mail
rPois    .         Spirit   .   k - +1 hat
rElec    .         Reflect  .   (no cloak)
rCorr    .         Harm     .   (no gloves)
MR       .....                  (no boots)
Stlth    +.........             (no amulet)
HPRegen  0.12/turn              i - ring of wizardry
MPRegen  0.09/turn              (no ring)

@: mighty, lethally poisoned (0 -> -41), flying, slowed, very slow
A: no striking features
a: Depart the Abyss, Renounce Religion


You were on level 3 of the Dungeon.
You worshipped Lugonu.
Lugonu was aware of your devotion.
You were not hungry.

You visited 1 branch of the dungeon, and saw 3 of its levels.
You visited the Abyss 1 time.

You collected 23 gold pieces.

Inventory:

Hand Weapons
 a - a +2 mace (weapon)
Armour
 j - a +0 ring mail (worn)
 k - a +1 hat (worn)
Jewellery
 i - a ring of wizardry (left hand)
Potions
 f - a potion of curing {unknown}
 g - a potion of heal wounds {unknown}
 h - a potion of resistance {unknown}
 m - a potion of stabbing {unknown}
Comestibles
 c - 6 rations
 l - a chunk of flesh


   Skills:
 + Level 3.7 Fighting
 * Level 3.3 Maces & Flails
 + Level 2.6 Armour
 * Level 1.2 Dodging
 + Level 2.1 Invocations


You had 3 spell levels left.
You didn't know any spells.
Your spell library was empty.

Dungeon Overview and Level Annotations

Branches:
Dungeon (2/15)

Altars:


Message History

The orc wizard barely misses you. The orc misses you.
The orc wizard closely misses you.
You sock the orc wizard!
The orc wizard is severely wounded.
You feel very sick.
The orc wizard gestures at you while chanting.
You feel yourself slow down. The orc barely misses you.
The orc wizard hits you but does no damage.
You are more poisoned.
You sock the orc wizard!
You kill the orc wizard!
Lugonu accepts your kill.
* * * LOW HITPOINT WARNING * * *
You feel extremely sick. The orc barely misses you.
The orc hits you with a +0 dagger.
* * * LOW HITPOINT WARNING * * *
It was a potion of flight.
You feel very buoyant.
You fly up into the air.
You die...

#. #.........[...##.# #.#
#..........##....# #..
####'###+#..#.#### #..
#.# #.#....##### ####..#
#.###.#.........
.....o.###...#.#########.
.....>.§o###.#.#.....# #.
......§#o#...#.##.##.###.
§.....b#@#†###÷##.##.....
....w..#§#...#.##.#######
.......#§##.##.##.#
.......#.......##.#
.......####.......#
....... #########


You could see 2 orcs.

Vanquished Creatures
  An orc wizard (D:3)
  2 adders
  An ooze (D:3)
  A dart slug (D:1)
  An orc (D:3)
  3 bats
  2 giant cockroaches (D:1)
  7 goblins
  A frilled lizard (D:3)
  3 kobolds
  5 rats (D:1)
27 creatures vanquished.

Notes
Turn   | Place    | Note
-------+----------+-------------------------------------------
     0 | Abyss:1  | Gabide the Human Abyssal Knight began the quest for the
                  | Orb.
     0 | Abyss:1  | Reached XP level 1. HP: 18/18 MP: 2/2
   175 | Abyss:1  | Noticed a small abomination
   176 | D:1      | Escaped the Abyss
   401 | D:1      | Reached XP level 2. HP: 24/24 MP: 3/3
   707 | D:1      | Reached * piety under Lugonu
   822 | D:1      | Reached XP level 3. HP: 29/29 MP: 4/4
  1463 | D:2      | You fall into a shaft and drop 1 floor!
  1622 | D:3      | Reached XP level 4. HP: 35/35 MP: 5/5
  1632 | D:3      | Succumbed to an orc wizard's poison

Illustrated notes

Levels and vault maps discovered:
D:1:      lemuel_arrival_broad_hall, layout_basic
D:2:      layout_basic
D:3:      layout_basic

Skill      XL: |  1  2  3 |
---------------+----------+-----
Maces & Flails | 3 |  3.3
Fighting       | |  3.7
Armour         | |  2.6
Dodging        | |  1.2
Invocations    | |  2.1

Action                   |  1- 3 |  4- 6 || total
-------------------------+-------+-------++-------
Melee: Mace              |    71 |     7 ||    78
Invok: Depart the Abyss  |     1 |       ||     1
  Use: Scroll            |     5 |     1 ||     6
       Potion            |     1 |     2 ||     3
  Eat: Ration            |     1 |       ||     1
Armor: Ring mail         |    36 |     6 ||    42
Dodge: Dodged            |    42 |     6 ||    48
